 Dungeon Crawl Stone Soup version 0.28-a0-932-g843f935a50 (webtiles) character file.

Game seed: 7673321215718216645

5 Glokmah the Magician (level 1, 0/13 HPs)
             Began as a Demonspawn Hedge Wizard on Nov 27, 2021.
             Was a Follower of Uskayaw.
             Slain by a bat (1 damage)
             ... on level 1 of the Dungeon.
             The game lasted 00:00:40 (408 turns).

Glokmah the Magician (Demonspawn Hedge Wizard)       Turns: 408, Time: 00:00:40

Health: 0/13       AC:  2    Str: 10    XL:     1   Next: 66%
Magic:  4/4        EV: 12    Int: 15    God:    Uskayaw [*.....]
Gold:   33         SH:  0    Dex: 12    Spells: 5/6 levels left

rFire   . . .      SeeInvis .   a - +0 dagger
rCold   . . .      Faith    .   (no shield)
rNeg    . . .      Spirit   .   b - +0 robe
rPois   .          Reflect  .   c - +0 hat
rElec   .          Harm     .   (no cloak)
rCorr   .          Rampage  .   (no gloves)
Will    .....                   (no boots)
Stlth   ++........              (no amulet)
HPRegen 0.04/turn               (no ring)
MPRegen 0.09/turn               (no ring)

@: no status effects
A: no striking features
a: Renounce Religion, Stomp


You were on level 1 of the Dungeon.
You worshipped Uskayaw.
Uskayaw was noncommittal.
You visited 1 branch of the dungeon, and saw 1 of its levels.

You collected 33 gold pieces.

Inventory:

Hand Weapons
 a - a +0 dagger (weapon)
Armour
 b - a +0 robe (worn)
 c - a +0 hat (worn)
Scrolls
 d - a scroll of teleportation {unknown}


   Skills:
 + Level 0.2 Fighting
 + Level 0.1 Armour
 - Level 1.7 Dodging
 - Level 1.7 Stealth
 + Level 3.0 Spellcasting
 + Level 1.1 Conjurations
 + Level 1.1 Summonings
 + Level 1.0 Translocations
 * Level 0.1 Invocations


You had 5 spell levels left.
You knew the following spells:

 Your Spells              Type           Power      Damage    Failure   Level
a - Magic Dart            Conj           20%        1d4       13%         1

Your spell library contained the following spells:

 Spells                   Type           Power      Damage    Failure   Level
 Call Imp                 Summ           5%         N/A       19%         2
 Slow                     Hex            8%         N/A       21%         1
 Blink                    Tloc           10%        N/A       21%         2
 Conjure Flame            Conj/Fire      4%         6-21      43%         3
 Mephitic Cloud           Conj/Pois/Air  3%         N/A       45%         3


Dungeon Overview and Level Annotations

Branches:
Dungeon (1/15)

Altars:
Uskayaw


Message History

Found a scroll labelled FEBRASSU TERAST.
The ball python hisses angrily.
The bat barely misses you. The bat closely misses you.
You see here 19 sling bullets.
You closely miss the bat. The bat hits you but does no damage.
The ball python completely misses you. The ball python barely misses you.
The bat hits you but does no damage. The ball python completely misses you.
The ball python grabs you. The ball python constricts you.
You closely miss the ball python. The bat hits you but does no damage.
The ball python barely misses you. The ball python constricts you.
You closely miss the ball python. The bat hits you but does no damage. x2
The ball python bites you. The ball python constricts you.
You hit the ball python but do no damage.
The bat barely misses you.
The ball python bites you but does no damage.
The ball python constricts you.
You hit the ball python but do no damage.
The bat barely misses you. The ball python barely misses you.
The ball python constricts you.
You escape the ball python's grasp.
The bat hits you.
The ball python bites you but does no damage.
The ball python grabs you. The ball python constricts you.
You see here 19 sling bullets.
You hit the ball python.
The ball python is severely wounded.
The bat closely misses you.
The ball python bites you but does no damage.
The ball python constricts you.
You barely miss the ball python.
The ball python is severely wounded.
The ball python bites you.
* * * LOW HITPOINT WARNING * * *
The ball python constricts you.
* * * LOW HITPOINT WARNING * * *
You hit the ball python.
You kill the ball python!
The bat barely misses you.
You barely miss the bat. The bat closely misses you. The bat hits you.
You die...

#.......########
#........#
#........##
#.........#
#...#####.##
#8...8# #..#
##...## ##.##
#...# #..# #...#
##@## 8...8 #b.#
##...# ###.#
#...##8###8#(#
.....b..†#
.....?...#
.........#
##8###8### # ##


You could see a bat.

Vanquished Creatures
  A ball python (D:1)
  2 hobgoblins (D:1)
  A quokka (D:1)
4 creatures vanquished.

Notes
Turn   | Place    | Note
-------+----------+-------------------------------------------
     0 | D:1      | Glokmah the Demonspawn Hedge Wizard began the quest for the
                  | Orb.
     0 | D:1      | Reached XP level 1. HP: 13/13 MP: 4/4
   135 | D:1      | Found a faded altar of an unknown god.
   141 | D:1      | Prayed at the altar of an unknown god.
   141 | D:1      | Became a worshipper of Uskayaw the Reveller
   141 | D:1      | Reached * piety under Uskayaw
   251 | D:1      | Reached skill level 1 in Translocations
   408 | D:1      | Slain by a bat

Illustrated notes

Levels and vault maps discovered:
D:1:      nagdon_arrival_zigzag_paths, layout_basic,
          ebering_ecumenical_altar_hall, corexii_hall_statues_x

Skill      XL: |  1 |
---------------+----+-----
Translocations | 1 |  1.0
Fighting       | |  0.2
Armour         | |  0.1
Dodging        | |  1.7
Stealth        | |  1.7
Spellcasting   | |  3.0
Conjurations   | |  1.1
Summonings     | |  1.1
Invocations    | |  0.1

Action                   || total
-------------------------++-------
Melee: Dagger            ||    17
 Cast: Magic Dart        ||     6
Armor: Robe              ||     9
Dodge: Dodged            ||    14

Table legend: (Time is in decaauts)
 A = Elapsed time spent in this place.
 B = Non-inter-level travel time spent in this place.
 C = Inter-level travel time spent in this place.
 D = Time resting spent in this place.
 E = Time spent auto-exploring this place.
 F = Levels seen in this place.
 G = Mean time per level.
                   A        B        C        D        E       F      G
               +--------+--------+--------+--------+--------+-----+--------+
         Total |    408 |    408 |      0 |      0 |    354 |   1 |  408.0 |
       Dungeon |    408 |    408 |      0 |      0 |    354 |   1 |  408.0 |
               +--------+--------+--------+--------+--------+-----+--------+

Top non-repeatable levels by time:
     D:1: 408 daAuts
